 Dungeon Crawl Stone Soup version 0.24-a0-378-g94936e539c (webtiles) character file.

Game seed: 3081209659366767269

933133 Azzok the Invulnerable (level 27, 0/208 HPs)
             Began as a Formicid Fighter on June 1, 2019.
             Was the Champion of Makhleb.
             Splashed by the Royal Jelly's acid (1 damage)
             ... on level 5 of the Pits of Slime on June 2, 2019.
             The game lasted 03:43:05 (101932 turns).

Azzok the Invulnerable (Formicid Fighter)         Turns: 101932, Time: 03:43:06

Health: 0/208      AC: 28    Str: 42 (43) XL:     27
Magic:  16/38      EV:  9    Int:  9      God:    Makhleb [******]
Gold:   5419       SH: 30    Dex: 12      Spells: 40/48 levels left

rFire    + + +     SeeInvis +   a - +2 executioner's axe (chop)
rCold    + + +     Gourm    .   Z - +2 large shield {AC+3}
rNeg     + + +     Faith    .   t - +12 gold dragon scales
rPois    ∞         Spirit   .   (helmet unavailable)
rElec    +         Reflect  +   W - scarf {rC+ rF+}
rCorr    +         Harm     .   D - +0 pair of gloves of the Desert {+Blink +Inv Slay+2 Stlth+}
MR       ++++.                  K - +0 pair of boots "Rerear" {+Blink rElec Regen+ Slay+6}
Stlth    ..........             N - amulet of Emuewnid {Reflect rPois MR+ Dex+4 SH+3}
HPRegen  0.84/turn              S - ring of Goawoca {rCorr Str+10}
MPRegen  0.26/turn              J - ring of protection from fire

@: lich-form, corroded
A: permanent stasis, dig shafts and tunnels, four strong arms, antennae 3,
blurry vision 1, clumsy 1
}: 5/15 runes: decaying, silver, iron, bone, gossamer
a: Dig, Shaft Self, End Transformation, Minor Destruction, Lesser Servant of
Makhleb, Major Destruction, Greater Servant of Makhleb, Renounce Religion, Evoke
Invisibility


You were on level 5 of the Pits of Slime.
You worshipped Makhleb.
Makhleb was exalted by your worship.
You were not hungry.
You were a lich.
You visited 15 branches of the dungeon, and saw 72 of its levels.
You visited the Abyss 1 time.
You visited 1 bazaar.
You also visited: Ossuary, Gauntlet, Volcano and Wizlab.

You collected 11150 gold pieces.
You spent 5731 gold pieces at shops.

Inventory:

Hand Weapons
 a - a +2 executioner's axe of chopping (weapon)
 b - a +9 executioner's axe of holy wrath
Missiles
 I - 21 silver javelins (quivered)
Armour
 o - the +2 cloak "Meabig" {rElec rF+}
   (You found it in a wizard's laboratory)

   It protects you from fire.
   It insulates you from electricity.
 t - +12 gold dragon scales (worn)
 D - the +0 pair of gloves of the Desert (worn) {+Blink +Inv Slay+2 Stlth+}
   (You found it on level 1 of the Swamp)

   It affects your accuracy and damage with ranged weapons and melee attacks
   (+2).
   It lets you turn invisible.
   It lets you blink.
   It makes you more stealthy.
 K - the +0 pair of boots "Rerear" (worn) {+Blink rElec Regen+ Slay+6}
   (You acquired it on level 5 of the Vaults)

   It affects your accuracy and damage with ranged weapons and melee attacks
   (+6).
   It insulates you from electricity.
   It lets you blink.
   It increases your rate of regeneration.
 W - a scarf of resistance (worn)
 Z - a +2 large shield of protection (worn)
Jewellery
 v - an uncursed ring of protection from cold
 J - a ring of protection from fire (right hand)
 N - the amulet of Emuewnid (around neck) {Reflect rPois MR+ Dex+4 SH+3}
   (You bought it in a shop on level 2 of the Orcish Mines)

   [amulet of reflection]

   It shields you and reflects attacks.
   It affects your dexterity (+4).
   It protects you from poison.
   It affects your resistance to hostile enchantments.
   It affects your SH (+3).
 O - an uncursed ring of protection from magic
 S - the ring of Goawoca (left hand) {rCorr Str+10}
   (You found it on level 2 of the Swamp)

   [ring of resist corrosion]

   It affects your strength (+10).
   It provides partial protection from all sources of acid and corrosion.
 Y - an uncursed ring of protection from fire
Wands
 q - a wand of disintegration (8)
 y - a wand of iceblast (19)
 B - a wand of paralysis (23)
 R - a wand of acid (36)
 X - a wand of clouds (5)
Scrolls
 e - 32 scrolls of remove curse
 g - 7 scrolls of immolation
 r - 4 scrolls of enchant armour
 u - a scroll of silence
 z - 20 scrolls of identify
 E - 9 scrolls of fear
 F - a scroll of holy word
 H - 18 scrolls of fog
 L - 4 scrolls of summoning
 Q - 5 scrolls of magic mapping
 T - 8 scrolls of amnesia
Potions
 c - 3 potions of resistance
 d - 17 potions of might
 j - 15 potions of heal wounds
 k - 10 potions of flight
 l - 18 potions of lignification
 m - 6 potions of brilliance
 s - 17 potions of curing
 x - 12 potions of mutation {!q}
 C - 4 potions of cancellation
 M - 14 potions of ambrosia
 P - 8 potions of agility
 V - a potion of invisibility
Miscellaneous
 h - a lamp of fire
 p - 2 phantom mirrors
 G - a phial of floods
Comestibles
 f - 41 rations


   Skills:
 - Level 15.2 Fighting
 - Level 26.0 Axes
 O Level 27 Armour
 - Level 16.5 Shields
 - Level 11.1 Spellcasting
 + Level 24.7 Necromancy
 + Level 26.5 Transmutations
 - Level 20.0 Invocations
 - Level 18.0 Evocations


You had 40 spell levels left.
You knew the following spells:

 Your Spells              Type           Power        Failure   Level  Hunger
a - Necromutation         Tmut/Necr      ######....   8%          8    N/A

Your spell library contained the following spells:

 Spells                   Type           Power        Failure   Level  Hunger
 Animate Skeleton         Necr           N/A          0%          1    N/A
 Pain                     Necr           ####         0%          1    N/A
 Sublimation of Blood     Necr           ######....   0%          2    N/A
 Vampiric Draining        Necr           ######....   0%          3    N/A
 Animate Dead             Necr           N/A          0%          4    N/A
 Passwall                 Tmut/Erth      ####....     1%          2    N/A
 Regeneration             Chrm/Necr      #####.....   1%          3    N/A
 Spider Form              Tmut/Pois      ####......   1%          3    N/A
 Ice Form                 Ice/Tmut       ####....     1%          4    N/A
 Petrify                  Tmut/Erth      ####....     1%          4    N/A
 Death Channel            Necr           ######....   1%          6    N/A
 Hydra Form               Tmut           ######....   1%          6    N/A
 Dragon Form              Tmut           ######....   1%          7    N/A
 Ignite Poison            Fire/Tmut/Pois ###.....     3%          3    N/A
 Alistair's Intoxication  Tmut/Pois      ####....     5%          5    N/A
 Irradiate                Conj/Tmut      ####......   5%          5    N/A
 Yara's Violent Unravell  Hex/Tmut       ####......   5%          5    N/A
 Borgnjor's Vile Clutch   Necr/Erth      #####.....   8%          5    N/A
 Borgnjor's Revivificati  Necr           ######....   11%         8    N/A
 Infestation              Necr           ######....   11%         8    N/A
 Statue Form              Tmut/Erth      ####.....    28%         6    N/A
 Simulacrum               Ice/Necr       #####.....   38%         6    N/A
 Apportation              Tloc           #.....       41%         1    N/A
 Confusing Touch          Hex            #.....       41%         1    N/A
 Corona                   Hex            #......      41%         1    N/A
 Flame Tongue             Conj/Fire      #....        41%         1    N/A
 Infusion                 Chrm           #...         41%         1    N/A
 Magic Dart               Conj           #...         41%         1    N/A
 Shock                    Conj/Air       #...         41%         1    N/A
 Sting                    Conj/Pois      #...         41%         1    N/A
 Summon Butterflies       Summ           #.......     41%         1    N/A
 Summon Small Mammal      Summ           #...         41%         1    N/A
 Call Imp                 Summ           #.......     54%         2    N/A
 Ensorcelled Hibernation  Hex/Ice        #.....       54%         2    N/A
 Poisonous Vapours        Pois/Air       #.....       54%         2    N/A
 Searing Ray              Conj           #.....       54%         2    N/A
 Shroud of Golubria       Chrm/Tloc      #.........   54%         2    N/A
 Slow                     Hex            #.......     54%         2    N/A
 Swiftness                Chrm/Air       #.......     54%         2    N/A
 Throw Flame              Conj/Fire      #.....       54%         2    N/A
 Throw Frost              Conj/Ice       #.....       54%         2    N/A
 Call Canine Familiar     Summ           #.......     78%         3    N/A
 Confuse                  Hex            #.......     78%         3    N/A
 Conjure Flame            Conj/Fire      #.......     78%         3    N/A
 Dazzling Spray           Conj/Hex       #.....       78%         3    N/A
 Gell's Gravitas          Tloc           #.........   78%         3    N/A
 Inner Flame              Hex/Fire       #.......     78%         3    N/A
 Lesser Beckoning         Tloc           #.........   78%         3    N/A
 Mephitic Cloud           Conj/Pois/Air  #.......     78%         3    N/A
 Portal Projectile        Hex/Tloc       #.....       78%         3    N/A
 Recall                   Summ/Tloc      N/A          78%         3    N/A
 Static Discharge         Conj/Air       #.......     78%         3    N/A
 Teleport Other           Tloc           #.......     78%         3    N/A
 Tukima's Dance           Hex            #.......     78%         3    N/A
 Haunt                    Necr/Summ      #####.....   93%         7    N/A
 Airstrike                Air            #.........   99%         4    N/A
 Leda's Liquefaction      Hex/Erth       #.........   99%         4    N/A
 Olgreb's Toxic Radiance  Pois           #.......     99%         4    N/A
 Passage of Golubria      Tloc           N/A          99%         4    N/A
 Sticky Flame             Conj/Fire      #.......     99%         4    N/A
 Summon Ice Beast         Ice/Summ       #.......     99%         4    N/A
 Throw Icicle             Conj/Ice       #.......     99%         4    N/A
 Aura of Abjuration       Summ           #.........   100%        5    N/A
 Bolt of Magma            Conj/Fire/Erth #.........   100%        5    N/A
 Fireball                 Conj/Fire      #.........   100%        5    N/A
 Iskenderun's Battlesphe  Conj/Chrm      #.......     100%        5    N/A
 Lee's Rapid Deconstruct  Erth           #.........   100%        5    N/A
 Lightning Bolt           Conj/Air       #.........   100%        5    N/A
 Metabolic Englaciation   Hex/Ice        #.........   100%        5    N/A
 Summon Demon             Summ           #.........   100%        5    N/A
 Summon Forest            Summ/Tloc      #.........   100%        5    N/A
 Summon Mana Viper        Hex/Summ       #.......     100%        5    N/A
 Venom Bolt               Conj/Pois      #.........   100%        5    N/A
 Bolt of Fire             Conj/Fire      #.........   100%        6    N/A
 Deflect Missiles         Chrm/Air       #.........   100%        6    N/A
 Dispersal                Tloc           #.........   100%        6    N/A
 Invisibility             Hex            #.......     100%        6    N/A
 Iron Shot                Conj/Erth      #.........   100%        6    N/A
 Shadow Creatures         Summ           N/A          100%        6    N/A
 Malign Gateway           Summ/Tloc      #.........   100%        7    N/A
 Orb of Destruction       Conj           #.........   100%        7    N/A
 Spellforged Servitor     Conj/Summ      #.........   100%        7    N/A
 Summon Hydra             Summ           #.........   100%        7    N/A
 Death's Door             Chrm/Necr      #####.....   100%        8    N/A
 Disjunction              Tloc           #.........   100%        8    N/A
 Shatter                  Erth           #.........   100%        9    N/A
 Blink                    Tloc           Unusable     N/A         2    N/A

Dungeon Overview and Level Annotations

Branches:
Dungeon (15/15)            Temple (1/1) D:7            Lair (6/6) D:9
  Swamp (4/4) Lair:3       Spider (4/4) Lair:3        Slime (5/5) Lair:6
    Orc (2/2) D:9             Elf (3/3) Orc:2        Vaults (5/5) D:13
  Crypt (3/3) Vaults:2       Tomb (0/3) Crypt:3      Depths (5/5) D:15
   Hell (1/1)                 Dis (7/7) Hell            Geh (0/7) Hell
    Coc (0/7) Hell            Tar (7/7) Hell            Zot (4/5) Depths:5

Altars:
Dithmenos
Fedhas
Gozag
Kikubaaqudgha
Makhleb
Okawaru
Qazlal
Sif Muna
Trog
Vehumet
Xom
The Shining One
Beogh

Shops:
D:11 :   D:15 }   Orc:2 [*(=   Elf:2 *   Vaults:1 =   Vaults:4 :
Vaults:5 ?!?!?%!   Depths:1 :(%(*

Portals:
Hell: Depths:1 Depths:2 Depths:3 Depths:4 Depths:5
Abyss: Depths:4
Pandemonium: Depths:3 Depths:5
Ziggurat: Depths:1
Trove: Depths:4 (show abyssal rune of Zot)

Annotations:
Swamp:3 2 transporters
Slime:5 Royal Jelly
Vaults:3 8 runed translucent doors, Tovvajec's ghost, adept HOBe


Innate Abilities, Weirdness & Mutations

You cannot be hasted, slowed, berserked, paralysed or teleported.
You can dig through walls and to a lower floor.
Your four strong arms can wield two-handed weapons with a shield.
You have a pair of large antennae on your head. (SInv)
Scrolls take you a little longer to read.
You are clumsy. (Dex -2)


Message History

You kill the acid blob!
That felt strangely unrewarding.
You carve the acid blob like a ham!!!
Your hands burn!
* * * LOW HITPOINT WARNING * * *
You are engulfed in blazing flames.
You resist.
The Royal Jelly is engulfed in blazing flames.
You block the Royal Jelly's attack. The Royal Jelly hits you!
* * * LOW HITPOINT WARNING * * *
You are splashed with acid.
You resist.
* * * LOW HITPOINT WARNING * * *
The acid blob is engulfed in blazing flames.
The acid blob spits acid at you.
The splash of acid reflects off an invisible shield around you!
The splash of acid hits the acid blob.
The acid blob completely resists.
The azure jelly is engulfed in blazing flames.
You kill the azure jelly!
That felt strangely unrewarding.
The acid blob is engulfed in blazing flames.
You slash the Royal Jelly!
Your hands burn!
You die...

·················▒
·················▒
·················▒▒
··················▒▒
···················▒▒▒
············§·§······▒
···········§§§§§·····▒▒
·······<···§§§§§·······
···········§JL§§·······
·▒▒▒▒▒·····JJJ§§·······
▒▒▒·····J·········
▒▒▒·············
▒▒··············
▒···············
▒···············
▒···············
▒···············


You could see the Royal Jelly (inner flame), 2 acid blobs, an azure jelly and a
death ooze.

Vanquished Creatures
  Ereshkigal (Tar:7)
  Dispater (Dis:7)
  An ancient lich (Vaults:4)
  Khufu (Crypt:3)
  Mara (Spider:3)
  2 juggernauts
  Sojobo (Depths:1)
  Frederick (Vaults:3)
  Bai Suzhen (Swamp:3)
  Xtahua (Depths:4)
  Geryon (Hell)
  4 curse toes
  5 golden dragons
  2 caustic shrikes (Depths:2)
  17 bone dragons
  the Enchantress (Depths:4)
  A profane servitor (Crypt:3)
  17 doom hounds
  52 Tzitzimimeh
  8 Brimstone Fiends
  7 iron giants
  6 Hell Sentinels
  3 Ice Fiends
  Asterion (Vaults:3)
  8 liches
  19 tentacled monstrosities
  A quicksilver dragon (Zot:4)
  5 Executioners
  4 deep elf master archers
  8 deep elf blademasters
  2 death cobs (Zot:3)
  16 titans
  15 acid blobs
  4 eldritch tentacles
  7 sphinxes
  21 ancient champions
  The ghost of conein the Warrior, a journeyman OgBe of Trog (Spider:1)
  Frances (D:12)
  2 thorn hunters
  19 shadow dragons
  3 revenants
  11 storm dragons
  9 tengu reavers
  Roxanne (Elf:3)
  5 azure jellies (Slime:5)
  Kirke (Swamp:2)
  26 fire giants
  6 draconian monks
  12 deep elf sorcerers
  24 frost giants
  19 vault wardens
  A caustic shrike zombie (D:15)
  5 balrugs
  4 cacodemons
  4 draconian knights
  4 draconian scorchers
  An emperor scorpion (Spider:4)
  An orc warlord (Orc:2)
  A curse skull (Hell)
  6 ghost moths
  Louise (D:14)
  18 iron dragons
  6 deep elf elementalists
  4 draconian stormcallers
  92 reapers
  5 spriggan defenders
  2 ghouls
  7 draconian annihilators
  13 very ugly things
  23 stone giants
  3 draconian shifters
  9 ironheart preservers
  6 war gargoyles
  10 green draconians
  17 vampire knights
  9 entropy weavers
  3 black draconians (Zot:1)
  5 deep elf demonologists
  Nessos (Lair:5)
  9 purple draconians
  5 lorocyprocas
  3 yellow draconians
  4 deep elf annihilators (Elf:3)
  10 white draconians
  11 spark wasps
  8 red draconians
  A minotaur (Gauntlet)
  Snorg (Lair:6)
  2 green deaths
  31 ettins
  5 blizzard demons
  7 eidola
  2 mummy priests (Crypt:3)
  15 yaktaur captains
  20 jiangshi
  A merfolk impaler (Depths:1)
  5 quicksilver dragon zombies
  4 death oozes (Slime:5)
  11 deep elf death magi
  17 fire dragons
  6 hell beasts
  10 great orbs of eyes
  9 deep elf high priests
  8 ice dragons
  4 quicksilver dragon skeletons
  8 rakshasas
  39 vault guards
  20 hydras
  3 spriggan air magi
  8 ghost crabs
  58 two-headed ogres
  A spectral stone giant (Crypt:3)
  14 centaur warriors
  A catoblepas (Depths:3)
  A monstrous demonspawn (Depths:5)
  6 shambling mangroves
  21 alligators
  8 death knights
  6 deep troll earth magi
  17 ogre magi
  A tengu warrior (Depths:1)
  2 death scarabs (Gauntlet)
  17 hell hogs
  A queen ant (Spider:3)
  6 deep troll shamans
  3 orc high priests (Orc:2)
  5 death yaks (Depths:3)
  27 dancing weapons
  16 titan zombies
  12 vampire magi
  3 thrashing horrors (WizLab)
  28 hell knights
  7 spriggan berserkers
  6 sun demons
  Sonja (Lair:5)
  Urug (Lair:3)
  18 soul eaters
  10 storm dragon zombies
  A shock serpent (shapeshifter) (Vaults:3)
  11 iron golems
  A salamander mystic (Depths:4)
  30 deep elf knights
  3 wretched stars (Abyss:5)
  2 spark wasp zombies
  A fire crab (shapeshifter) (Vaults:5)
  20 shadow wraiths
  4 titan skeletons
  6 storm dragon skeletons
  7 golden dragon zombies
  22 iron trolls
  215 skeletal warriors
  22 shadow demons
  4 unseen horrors
  27 deep trolls
  11 swamp dragons
  2 gelid demonspawn
  18 flayed ghosts
  4 ghost moth zombies
  A tengu zombie (Hell)
  13 anaconda zombies
  4 death drakes
  6 shadow dragon zombies
  3 glowing orange brains
  2 lindwurms (shapeshifter)
  An orange crystal statue (Elf:3)
  7 anaconda skeletons
  19 orc knights
  2 golden dragon skeletons
  22 necromancers
  24 deep elf archers
  A glowing orange brain (shapeshifter) (Elf:2)
  11 wizards
  3 lindwurms (Depths:4)
  20 ironbrand convokers
  4 harpies (Vaults:3)
  9 orc sorcerers
  7 iron dragon zombies
  8 wolf spider zombies
  37 phantasmal warriors
  An obsidian statue (WizLab)
  Pikel (D:7)
  2 harpies (shapeshifter)
  2 sphinx zombies
  A wolf spider (shapeshifter) (Vaults:5)
  14 fire giant zombies
  A mana viper (WizLab)
  3 manticores
  81 deep elf magi
  6 frost giant zombies
  2 mana vipers (shapeshifter)
  A glowing shapeshifter (Vaults:5)
  An oklob plant (Gauntlet)
  4 cyclopes
  3 stone giant zombies
  17 orb spiders
  2 shadow dragon skeletons
  31 wolf spiders
  4 shining eyes
  3 large abominations
  5 salamanders (Depths:4)
  31 ugly things
  A worldbinder (WizLab)
  2 salamanders (shapeshifter)
  A spectral shock serpent (Crypt:3)
  24 moths of wrath
  A guardian serpent (shapeshifter) (Vaults:5)
  2 shock serpent zombies
  5 stone giant skeletons
  11 dire elephant zombies
  3 spriggan zombies
  4 iron dragon skeletons
  5 frost giant skeletons
  5 centaur skeletons
  5 centaur zombies
  73 rust devils
  3 black mambas
  A guardian serpent (WizLab)
  An eye of devastation (Slime:1)
  4 elephants (Lair:5)
  3 fire giant skeletons
  An apocalypse crab (Abyss:5)
  4 molten gargoyles
  11 spiny frogs
  A black draconian zombie (Tar:7)
  18 vault sentinels
  A water nymph (shapeshifter) (Vaults:5)
  3 dire elephant skeletons
  6 smoke demons
  30 hellions
  A gargoyle (D:12)
  3 minotaur zombies
  3 catoblepas zombies
  A spiny frog (shapeshifter) (Depths:3)
  A spriggan skeleton (WizLab)
  A yaktaur zombie (Hell)
  4 komodo dragons
  4 efreet
  3 kobold demonologists (D:12)
  4 rime drakes
  44 freezing wraiths
  2 ancient zymes (WizLab)
  7 guardian mummies (Crypt:3)
  A yaktaur (shapeshifter) (Vaults:4)
  30 yaktaurs
  An emperor scorpion zombie (Dis:3)
  26 ice devils
  2 catoblepas skeletons
  A white draconian skeleton (Tar:4)
  15 red devils
  2 yaktaur skeletons (Vaults:2)
  10 hydra zombies
  48 tormentors
  4 harpy zombies
  3 wind drakes (shapeshifter)
  A meliai (shapeshifter) (Depths:4)
  3 hellwings
  7 demonic crawlers
  8 silent spectres
  A queen bee (shapeshifter) (D:14)
  5 tengu conjurers
  A golden dragon simulacrum (Hell)
  A polar bear (shapeshifter) (Vaults:5)
  13 tyrant leeches
  3 meliai (Spider:2)
  3 human skeletons (Vaults:2)
  A troll (shapeshifter) (Vaults:3)
  A merfolk (shapeshifter) (Vaults:2)
  A shadow dragon simulacrum (Crypt:1)
  6 polar bears (Lair:6)
  A queen bee (Spider:2)
  22 jumping spiders
  9 ice dragon zombies
  9 trolls
  10 hydra skeletons
  33 hornets
  28 blink frogs
  A harpy skeleton (Dis:1)
  A slime creature (shapeshifter) (Depths:2)
  A dream sheep (Lair:6)
  8 fire dragon zombies
  7 hippogriffs
  10 ettin zombies
  5 alligator zombies
  4 bog bodies
  A fire giant simulacrum (Vaults:4)
  130 slime creatures
  A satyr skeleton (Crypt:1)
  A frost giant simulacrum (Vaults:1)
  A snapping turtle (shapeshifter) (Vaults:4)
  A spectral black mamba (Gauntlet)
  3 deep troll skeletons
  69 redbacks
  3 air elementals
  2 fire dragon skeletons
  24 spriggans
  2 vampires
  An alligator skeleton (Tar:6)
  5 ettin skeletons
  9 ice dragon skeletons
  A yak (shapeshifter) (Vaults:3)
  2 tarantellas (shapeshifter)
  12 water elementals
  6 fire bats
  20 yaks
  A fire bat (shapeshifter) (Depths:2)
  152 flying skulls
  25 tarantellas
  8 wyverns
  A human (D:9)
  3 small abominations (Crypt:3)
  3 basilisks
  2 black mamba skeletons
  2 elf zombies
  42 shadows
  6 black mamba zombies
  3 golden eyes
  38 wraiths
  23 vampire mosquitoes
  10 fire elementals
  3 neqoxecs
  A spectral komodo dragon (Gauntlet)
  7 hungry ghosts
  Menkaure (D:7)
  3 steam dragons
  11 wargs
  A two-headed ogre zombie (Crypt:2)
  6 insubstantial wisps (Swamp:4)
  25 spatial vortices
  11 soldier ants
  A glowing shapeshifter zombie (Crypt:2)
  6 acid dragons
  21 swamp worms
  16 water moccasins
  A water moccasin (shapeshifter) (Vaults:3)
  73 hell hounds
  6 porcupines
  A merfolk skeleton (Tar:3)
  43 orc warriors
  4 eyes of draining
  16 swamp drakes
  4 ice beasts
  3 spiny frog skeletons
  2 ettin simulacra
  2 slaves (D:7)
  A manticore zombie (Dis:5)
  7 snapping turtle zombies
  A swamp dragon zombie (Dis:7)
  2 black bears (Lair:6)
  46 necrophages
  5 sky beasts
  44 ogres
  12 boggarts
  13 phantoms
  5 snapping turtle skeletons
  15 crocodiles
  38 wolves
  18 centaurs
  4 human zombies
  2 big kobolds
  16 bullfrogs
  A fire crab zombie (Crypt:2)
  A cyclops zombie (Depths:3)
  An elf skeleton (Tar:4)
  4 earth elementals
  2 spiny frog simulacra
  A deep troll simulacrum (Vaults:3)
  2 water moccasin zombies
  A warg zombie (Crypt:2)
  2 troll zombies
  4 scorpions
  24 killer bees
  2 vampire bats (D:5)
  74 wights
  An electric eel (Spider:3)
  3 howler monkeys
  10 crimson imps
  3 lava snakes (Volcano)
  3 quasits
  4 bullfrog zombies
  A demonspawn zombie (Crypt:2)
  13 jellies
  25 orc priests
  3 bullfrog skeletons
  7 hounds
  79 iron imps
  5 iguanas
  4 hell rats (Lair:1)
  Natasha (thrice) (D:2)
  32 orc wizards
  35 worker ants
  A killer bee zombie (D:8)
  A demigod zombie (Crypt:1)
  A felid zombie (Crypt:1)
  A crocodile skeleton (Crypt:2)
  2 tengu skeletons
  A hound zombie (D:10)
  22 mummies
  4 hound skeletons
  A howler monkey zombie (Crypt:1)
  A worker ant zombie (D:4)
  12 adders
  3 gnolls (D:2)
  42 shadow imps
  3 white imps (Depths:5)
  An ufetubus (Depths:5)
  12 oozes
  3 adder skeletons
  5 adder zombies
  2 worms (D:5)
  A dart slug (D:2)
  5 leopard geckos
  90 orcs
  A ball python (D:1)
  8 bats
  2 bat skeletons (D:5)
  4 bat zombies (D:5)
  7 giant cockroaches
  6 goblins
  8 hobgoblins
  25 jackals
  19 kobolds
  4 quokkas
  A ball python zombie (D:4)
  2 frilled lizards (D:4)
  3 gnoll skeletons (Ossuary)
  2 goblin skeletons (Ossuary)
  A goblin zombie (Crypt:1)
  2 jackal skeletons
  3 kobold skeletons
  A kobold zombie (Dis:7)
  2 leopard gecko zombies
  2 orc skeletons
  3 quokka skeletons
  A quokka zombie (D:4)
  6 rats
  11 rat skeletons (Ossuary)
  15 briar patches
  4 bushes
  4 fungi
  2 lurking horrors (WizLab)
4539 creatures vanquished.

Vanquished Creatures (collateral kills)
  the Lernaean hydra (Swamp:4)
  2 alligators (Swamp:4)
3 creatures vanquished.

Vanquished Creatures (others)
  Nikola (Swamp:1)
  7 deep elf master archers
  3 eldritch tentacles
  A draconian stormcaller (Zot:3)
  A very ugly thing (Depths:4)
  3 stone giants
  A yaktaur captain (Vaults:5)
  A two-headed ogre (Vaults:4)
  2 centaur warriors
  A glowing orange brain (Depths:2)
  3 deep elf magi
  2 deep elf archers
  A wizard (D:13)
  A necromancer (Depths:4)
  A cyclops (Vaults:1)
  Maurice (Orc:1)
  12 yaktaurs
  2 jumping spiders
  A redback (Spider:4)
  3 humans (Swamp:2)
  A floating eye (Depths:4)
  2 slaves (D:7)
  2 necrophages
  2 ogres
  5 centaurs
  A bullfrog (D:14)
  A jelly (D:7)
  An orc wizard (Vaults:3)
  2 oozes (D:7)
  14 fungi
  18 plants
97 creatures vanquished.

Grand Total: 4639 creatures vanquished

Notes
Turn   | Place    | Note
-------+----------+-------------------------------------------
     0 | D:1      | Azzok the Formicid Fighter began the quest for the Orb.
     0 | D:1      | Reached XP level 1. HP: 18/18 MP: 1/1
    85 | D:1      | Reached XP level 2. HP: 24/24 MP: 2/2
   269 | D:1      | Reached XP level 3. HP: 27/29 MP: 3/3
   829 | D:2      | Found a radiant altar of Vehumet.
   829 | D:2      | Found a stormy altar of Qazlal.
   829 | D:2      | Noticed Natasha
   830 | D:2      | Found a shadowy altar of Dithmenos.
   840 | D:2      | Killed Natasha
   840 | D:2      | Reached XP level 4. HP: 17/35 MP: 4/4
  1061 | D:2      | Reached XP level 5. HP: 28/41 MP: 5/5
  1203 | D:2      | Reached skill level 5 in Axes
  1260 | D:2      | Noticed Natasha
  1270 | D:2      | Killed Natasha
  1704 | D:2      | Noticed Natasha
  1716 | D:2      | Killed Natasha
  1716 | D:2      | Reached XP level 6. HP: 37/47 MP: 6/6
  1872 | D:3      | Found an iron altar of Okawaru.
  1886 | D:3      | Became a worshipper of Warmaster Okawaru
  2261 | D:4      | Reached skill level 1 in Invocations
  2417 | D:4      | Noticed an ogre
  2422 | D:4      | Reached XP level 7. HP: 52/52 MP: 8/8
  2427 | D:4      | Reached * piety under Okawaru
  2462 | D:4      | Found an opulent altar of Gozag.
  2486 | D:4      | Found a sand-covered staircase.
  2491 | Ossuary  | Entered an ossuary
  3977 | D:4      | Reached XP level 8. HP: 58/58 MP: 10/10
  4144 | D:4      | Found an opulent altar of Gozag.
  4347 | D:5      | Entered Level 5 of the Dungeon
  4395 | D:5      | Reached skill level 5 in Invocations
  4417 | D:5      | Reached ** piety under Okawaru
  4824 | D:5      | Found an ancient bone altar of Kikubaaqudgha.
  4835 | D:5      | Reached XP level 9. HP: 63/64 MP: 13/13
  5346 | D:6      | Reached skill level 10 in Axes
  5432 | D:6      | Found a deep blue altar of Sif Muna.
  5852 | D:6      | Reached *** piety under Okawaru
  5857 | D:6      | Found a burning altar of Makhleb.
  6066 | D:6      | Found a blossoming altar of Fedhas.
  6333 | D:7      | Found a staircase to the Ecumenical Temple.
  6334 | D:7      | Noticed Menkaure
  6478 | D:7      | Killed Menkaure
  6478 | D:7      | Reached XP level 10. HP: 56/69 MP: 12/16
  6754 | D:7      | Noticed Pikel
  6789 | D:7      | Killed Pikel
  6789 | D:7      | Reached **** piety under Okawaru
  7547 | Temple   | Entered the Ecumenical Temple
  8995 | D:8      | Noticed a two-headed ogre
  9012 | D:8      | Killed a two-headed ogre
  9012 | D:8      | Reached ***** piety under Okawaru
  9012 | D:8      | Reached skill level 10 in Invocations
  9012 | D:8      | Reached XP level 11. HP: 49/74 MP: 10/18
  9364 | D:8      | You fall into a shaft and drop 1 floor!
  9364 | D:9      | Noticed a two-headed ogre
  9377 | D:9      | Killed a two-headed ogre
 10095 | D:9      | Found a staircase to the Orcish Mines.
 11079 | D:9      | Found a staircase to the Lair.
 11608 | D:10     | Entered Level 10 of the Dungeon
 11653 | D:10     | Reached skill level 15 in Axes
 11994 | D:10     | Noticed a two-headed ogre
 12002 | D:10     | Killed a two-headed ogre
 12002 | D:10     | Reached skill level 1 in Evocations
 12165 | D:10     | Reached XP level 12. HP: 82/82 MP: 19/19
 12313 | D:10     | Reached skill level 4 in Armour
 12684 | D:11     | Noticed a five-headed hydra
 12720 | D:11     | Killed a five-headed hydra
 13046 | D:11     | Found Qaagighi's Book Emporium.
 13099 | D:11     | Received a gift from Okawaru
 13119 | D:11     | Got a brightly glowing broad axe {god gift}
 13120 | D:11     | Identified the +1 broad axe of the Forest {chop, Str+4}
                  | (Okawaru gifted it to you on level 11 of the Dungeon)
 13192 | D:11     | Reached skill level 5 in Fighting
 13192 | D:11     | Reached skill level 5 in Armour
 13996 | Lair:1   | Entered Level 1 of the Lair of Beasts
 15065 | Lair:2   | Found a gate leading to a gauntlet.
 15077 | Gauntlet | Entered a Gauntlet
 15077 | Gauntlet | Found a transporter.
 15077 | Gauntlet | Found a transporter.
 15077 | Gauntlet | Found a large runed translucent door.
 15077 | Gauntlet | Found a large runed translucent door.
 15077 | Gauntlet | Found a large runed translucent door.
 15077 | Gauntlet | Found a large runed translucent door.
 15077 | Gauntlet | Found a large runed translucent door.
 15077 | Gauntlet | Found a large runed translucent door.
 15077 | Gauntlet | Found a runed translucent door.
 15077 | Gauntlet | Found a runed translucent door.
 15077 | Gauntlet | Found a large runed translucent door.
 15077 | Gauntlet | Found a large runed translucent door.
 15077 | Gauntlet | Found a large runed translucent door.
 15077 | Gauntlet | Found a large runed translucent door.
 15077 | Gauntlet | Found a large runed translucent door.
 15077 | Gauntlet | Found a large runed translucent door.
 15172 | Gauntlet | Found a transporter.
 15172 | Gauntlet | Found a transporter.
 15181 | Gauntlet | Noticed a hell beast
 15182 | Gauntlet | Found a transporter.
 15183 | Gauntlet | Found a transporter.
 15189 | Gauntlet | Found a transporter.
 15191 | Gauntlet | Noticed a death scarab
 15192 | Gauntlet | Found a transporter.
 15195 | Gauntlet | Noticed a death scarab
 15211 | Gauntlet | Noticed a fire crab
 15232 | Gauntlet | Found a transporter.
 15256 | Gauntlet | Found a transporter.
 15277 | Gauntlet | Found a large runed translucent door.
 15278 | Gauntlet | Found a large runed translucent door.
 15281 | Gauntlet | Found a runed translucent gate.
 15281 | Gauntlet | Found a runed translucent gate.
 15282 | Gauntlet | Found a runed translucent gate.
 15283 | Gauntlet | Found a transporter.
 15301 | Gauntlet | Found a large runed translucent door.
 15302 | Gauntlet | Found a large runed translucent door.
 15328 | Gauntlet | Found a transporter.
 15343 | Gauntlet | Found a transporter.
 15437 | Gauntlet | Found a transporter.
 15447 | Gauntlet | Found a transporter.
 15462 | Gauntlet | Noticed a ghost crab
 15463 | Gauntlet | Found a transporter.
 15639 | Gauntlet | Reached skill level 6 in Armour
 15646 | Gauntlet | Reached skill level 5 in Evocations
 15693 | Gauntlet | Got a pair of spiked boots
 15720 | Gauntlet | Identified the cursed +0 pair of boots "Sasedima" {Str+2}
                  | (You found it in a Gauntlet)
 15870 | Gauntlet | Killed a death scarab
 15870 | Gauntlet | Received a gift from Okawaru
 15870 | Gauntlet | Reached XP level 13. HP: 72/93 MP: 7/20
 15882 | Gauntlet | Got a twisted broad axe {god gift}
 15913 | Gauntlet | Identified the +0 broad axe of Urujocaat {elec, rPois rN+
                  | Int+2} (Okawaru gifted it to you in a Gauntlet)
 16107 | Gauntlet | Identified the +5 scale mail of the Thirsty Orbs {Str+2
                  | Int+3 Dex+2 Slay+3}
 16107 | Gauntlet | Noticed a minotaur
 16115 | Gauntlet | Killed a minotaur
 16116 | Gauntlet | Identified Heoguwke's Reference Book on the Creative
                  | Volcanoes
 16876 | Lair:3   | Noticed a five-headed hydra
 16893 | Lair:3   | Killed a five-headed hydra
 16893 | Lair:3   | Reached skill level 7 in Armour
 17011 | Lair:3   | Noticed Urug
 17027 | Lair:3   | Killed Urug
 17093 | Lair:3   | Got a faintly glowing shield
 17221 | Lair:3   | Found a hole to the Spider Nest.
 17230 | Lair:3   | Received a gift from Okawaru
 17717 | Lair:3   | Found a staircase to the Swamp.
 17728 | Lair:3   | Received a gift from Okawaru
 19083 | Lair:4   | Got a polished lajatang
 19256 | Lair:4   | Reached skill level 8 in Armour
 19525 | Lair:5   | Reached XP level 14. HP: 80/105 MP: 14/21
 19873 | Lair:5   | Received a gift from Okawaru
 20082 | Lair:5   | Noticed Sonja
 20092 | Lair:5   | Killed Sonja
 20147 | Lair:5   | Noticed Nessos
 20157 | Lair:5   | Killed Nessos
 20729 | Lair:6   | Entered Level 6 of the Lair of Beasts
 20735 | Lair:6   | Noticed Snorg
 20749 | Lair:6   | Killed Snorg
 21082 | Lair:6   | Reached skill level 9 in Armour
 21636 | Lair:6   | Identified the +5 shield of the Eight Planets {MP+9 Str+3
                  | Int+4 Dex-5} (You found it on level 3 of the Lair of
                  | Beasts)
 21648 | Lair:6   | Identified the +11 lajatang of Courage {freeze, MR+ Str+4
                  | Dex+2 SInv} (You found it on level 4 of the Lair of Beasts)
 21712 | Lair:6   | Identified the cursed +1 leather armour of Creativity
                  | {rElec Int-3 Dex+5}
 22215 | Lair:6   | Found a staircase to the Slime Pits.
 22727 | Orc:1    | Entered Level 1 of the Orcish Mines
 23085 | Orc:2    | Entered Level 2 of the Orcish Mines
 23124 | Orc:2    | Reached ****** piety under Okawaru
 23143 | Orc:2    | Found a dark tunnel.
 23244 | Volcano  | Entered a volcano
 23578 | Volcano  | Found a burning altar of Makhleb.
 23612 | Volcano  | HP: 3/108 [fire dragon (10)]
 24116 | Volcano  | Received a gift from Okawaru
 24119 | Volcano  | Got a polished cloak {god gift}
 24324 | Orc:2    | Found a staircase to the Elven Halls.
 24471 | Orc:1    | Reached XP level 15. HP: 97/115 MP: 22/22
 24766 | Orc:1    | Found a bloodstained altar of Trog.
 24766 | Orc:1    | Noticed Maurice
 24801 | Orc:1    | Killed Maurice
 24801 | Orc:1    | Reached skill level 10 in Fighting
 25027 | Orc:2    | Found a roughly hewn altar of Beogh.
 25054 | Orc:2    | Reached skill level 10 in Armour
 25096 | Orc:2    | Noticed an orc warlord
 26245 | Orc:2    | Killed an orc warlord
 26413 | Orc:2    | Reached skill level 10 in Evocations
 26820 | Orc:2    | Found Engug's Antique Armour Boutique.
 26821 | Orc:2    | Found Pezug's Antique Weapon Boutique.
 26822 | Orc:2    | Found Ypnipt's General Store.
 26822 | Orc:2    | Found Egiheh's Jewellery Shop.
 26940 | Orc:2    | Bought the amulet of Emuewnid {Reflect rPois MR+ Dex+4
                  | SH+3} for 531 gold pieces
 27749 | D:12     | Reached skill level 11 in Armour
 27755 | D:12     | Noticed Frances
 27761 | D:12     | Received a gift from Okawaru
 27787 | D:12     | Killed Frances
 27805 | D:12     | Got a pair of pitted boots {god gift}
 28036 | D:12     | Identified the +1 cloak of the Equinox {rPois rCorr}
                  | (Okawaru gifted it to you in a volcano)
 28513 | D:12     | Reached skill level 5 in Shields
 28949 | D:13     | Found a gate to the Vaults.
 28964 | D:13     | Reached XP level 16. HP: 104/125 MP: 24/24
 29406 | D:13     | You fall into a shaft and drop 2 floors!
 29406 | D:15     | Entered Level 15 of the Dungeon
 29406 | D:15     | Found a staircase to the Depths.
 29464 | D:15     | Reached skill level 12 in Armour
 30109 | D:14     | Noticed Louise
 30124 | D:14     | Killed Louise
 30289 | D:14     | Received a gift from Okawaru
 30292 | D:14     | Got an encrusted scale mail {god gift}
 30474 | D:13     | Found a bloodstained altar of Trog.
 32186 | D:15     | Identified the +1 pair of boots of the Sea {-Cast rN++ MR+
                  | SInv} (Okawaru gifted it to you on level 12 of the Dungeon)
 32199 | D:15     | Identified the +1 scale mail of the Mind {rCorr Str-3
                  | Int+2} (Okawaru gifted it to you on level 14 of the
                  | Dungeon)
 32406 | D:15     | Found Aqey's Gadget Emporium.
 32875 | Swamp:1  | Entered Level 1 of the Swamp
 32887 | Lair:3   | Reached skill level 13 in Armour
 33366 | Swamp:1  | Reached XP level 17. HP: 102/131 MP: 26/26
 33758 | Swamp:1  | Received a gift from Okawaru
 33930 | Swamp:1  | Identified the cursed +0 pair of gloves of the Desert
                  | {+Blink +Inv Slay+2 Stlth+}
 33930 | Swamp:1  | Noticed Nikola
 33943 | Swamp:1  | Killed Nikola
 33943 | Swamp:1  | Reached skill level 10 in Shields
 35661 | Swamp:2  | Reached skill level 14 in Armour
 35795 | Swamp:2  | Noticed Kirke
 35810 | Swamp:2  | Killed Kirke
 36352 | Swamp:2  | Received a gift from Okawaru
 36400 | Swamp:2  | Got a shimmering jade ring
 37597 | Swamp:3  | Found a transporter.
 37938 | Swamp:3  | Noticed Bai Suzhen
 37986 | Swamp:3  | Killed Bai Suzhen
 37986 | Swamp:3  | Reached XP level 18. HP: 99/138 MP: 28/28
 38335 | Swamp:3  | Got a translucent chain mail
 38822 | Swamp:3  | Found a transporter.
 39304 | Swamp:4  | Entered Level 4 of the Swamp
 39630 | Swamp:4  | Received a gift from Okawaru
 40364 | Swamp:4  | Identified the +6 chain mail of the Catamount {rElec} (You
                  | found it on level 3 of the Swamp)
 41105 | Swamp:4  | Reached skill level 15 in Armour
 41285 | Swamp:4  | Noticed the 27-headed Lernaean hydra
 41393 | Swamp:4  | Killed the 27-headed Lernaean hydra
 41595 | Swamp:4  | Got a decaying rune of Zot
 41991 | Spider:1 | Entered Level 1 of the Spider Nest
 42000 | Lair:3   | Identified a scroll of acquirement
 42208 | Spider:1 | Identified the ring of Goawoca {rCorr Str+10} (You found it
                  | on level 2 of the Swamp)
 42382 | Spider:1 | You fall into a shaft and drop 1 floor!
 42882 | Spider:2 | Reached skill level 15 in Evocations
 43111 | Spider:2 | Reached XP level 19. HP: 127/143 MP: 30/30
 43276 | Spider:1 | Found a runed translucent door.
 43276 | Spider:1 | Found a shimmering altar of Xom.
 43276 | Spider:1 | Noticed conein's ghost (journeyman OgBe)
 43622 | Spider:1 | Killed conein's ghost
 43773 | Spider:2 | Received a gift from Okawaru
 44180 | Spider:3 | Noticed Mara
 44188 | Spider:3 | Noticed Azzok's illusion
 44199 | Spider:3 | Killed Mara
 44947 | Spider:4 | Entered Level 4 of the Spider Nest
 45330 | Spider:3 | Received a gift from Okawaru
 45778 | Spider:4 | Reached skill level 16 in Armour
 46366 | Spider:4 | Got a gossamer rune of Zot
 46928 | Vaults:1 | Entered Level 1 of the Vaults
 46961 | Vaults:1 | Reached XP level 20. HP: 123/150 MP: 32/32
 47529 | Vaults:1 | Received a gift from Okawaru
 47686 | Vaults:1 | Found Sega's Jewellery Shop.
 48594 | Vaults:2 | Reached skill level 15 in Shields
 48603 | Vaults:2 | Found a flickering gateway to a bazaar.
 48624 | Bazaar   | Entered a bazaar
 48624 | Bazaar   | Found Zyubluuff's Magic Scroll Shoppe.
 48629 | Bazaar   | Found Omoitia's Weapon Shoppe.
 48636 | Bazaar   | Found Wemny's Antique Armour Shop.
 48645 | Bazaar   | Found Momuol's Antique Weapon Boutique.
 48680 | Bazaar   | Found Ytotiwal's Armour Shoppe.
 48707 | Bazaar   | Bought a scroll of identify for 28 gold pieces
 48707 | Bazaar   | Bought a scroll of identify for 28 gold pieces
 48707 | Bazaar   | Bought a scroll of fear for 49 gold pieces
 48707 | Bazaar   | Bought a scroll of enchant armour for 105 gold pieces
 48707 | Bazaar   | Bought a scroll of identify for 28 gold pieces
 48707 | Bazaar   | Bought a scroll of identify for 28 gold pieces
 49152 | Vaults:2 | Received a gift from Okawaru
 49451 | Vaults:2 | Reached skill level 17 in Armour
 49492 | Vaults:2 | Found a staircase to the Crypt.
 49747 | Vaults:2 | Received a gift from Okawaru
 50220 | Vaults:2 | Reached XP level 21. HP: 156/156 MP: 33/33
 51061 | Vaults:3 | Received a gift from Okawaru
 51623 | Vaults:3 | Noticed Frederick
 51623 | Vaults:3 | Noticed Asterion
 51637 | Vaults:3 | Killed Asterion
 51639 | Vaults:3 | Killed Frederick
 52114 | Vaults:3 | Received a gift from Okawaru
 52260 | Vaults:3 | Identified the +0 pair of gloves of Repulsion {Int+4}
                  | (Okawaru gifted it to you on level 3 of the Vaults)
 52368 | Vaults:3 | Found a large runed translucent door.
 52369 | Vaults:3 | Found a large runed translucent door.
 52369 | Vaults:3 | Found a large runed translucent door.
 52370 | Vaults:3 | Found a large runed translucent door.
 52370 | Vaults:3 | Noticed Tovvajec's ghost (adept HOBe)
 52371 | Vaults:3 | Found a large runed translucent door.
 52371 | Vaults:3 | Found a large runed translucent door.
 52371 | Vaults:3 | Found a large runed translucent door.
 52371 | Vaults:3 | Found a large runed translucent door.
 52722 | Vaults:3 | Reached skill level 18 in Armour
 53103 | Vaults:4 | Found Cugeir's Book Boutique.
 53253 | Vaults:4 | Reached XP level 22. HP: 154/163 MP: 34/34
 54125 | Vaults:4 | Received a gift from Okawaru
 54525 | Vaults:4 | Reached skill level 19 in Armour
 54844 | Elf:1    | Entered Level 1 of the Elven Halls
 55509 | Elf:1    | Identified the Collected Works on Arcane Weapons and
                  | Creation
 56649 | Elf:2    | Received a gift from Okawaru
 56858 | Elf:2    | Reached XP level 23. HP: 168/169 MP: 36/36
 57080 | Elf:2    | Found Oraap's Assorted Antiques.
 57211 | Elf:2    | Bought a scroll of magic mapping for 66 gold pieces
 57211 | Elf:2    | Bought 3 scrolls of identify for 114 gold pieces
 57211 | Elf:2    | Bought a potion of heal wounds for 95 gold pieces
 57326 | Elf:2    | Found a runed translucent gate.
 57326 | Elf:2    | Found a runed translucent gate.
 57326 | Elf:2    | Found a runed translucent gate.
 57707 | Elf:2    | Received a gift from Okawaru
 57977 | Elf:3    | Entered Level 3 of the Elven Halls
 58072 | Elf:3    | Received a gift from Okawaru
 58416 | Elf:3    | Identified Roxanne's Catalogue of Clay
 58416 | Elf:3    | Noticed Roxanne
 58493 | Elf:3    | Killed Roxanne
 58956 | Elf:3    | Identified the +5 great sword of Dismemberment {flame, rF+}
 59311 | Elf:3    | Identified the +6 scimitar of the Hills {slice, +Blink
                  | rElec Str+3 Int-5}
 59315 | Elf:3    | Identified the cursed +1 long sword "Daum" {flame, rF-
                  | Str+4 Dex+4}
 59643 | Elf:3    | Identified the +8 hand axe "Iloubroh" {drain, MR+}
 59957 | Elf:3    | Identified the +3 glaive of Conformity {antimagic, rElec
                  | rF- MR++ Int+2}
 60416 | Elf:3    | Identified the +9 plate armour "Naageig" {rC+ Dex+7} (You
                  | found it on level 3 of the Elven Halls)
 60871 | Crypt:1  | Entered Level 1 of the Crypt
 60874 | Crypt:1  | Found a magical portal.
 60880 | Crypt:1  | Reached XP level 24. HP: 174/176 MP: 36/36
 60892 | Crypt:1  | Received a gift from Okawaru
 61015 | WizLab   | Entered The Roulette of Golubria
 61015 | WizLab   | Found a transporter.
 61020 | WizLab   | Found a corrupted altar of Lugonu.
 61052 | WizLab   | Found a transporter.
 61297 | WizLab   | Found the +2 cloak of the Thief {+Fog Slay-2 SInv Stlth+}
 61301 | WizLab   | Found a transporter.
 61312 | WizLab   | Found a transporter.
 61571 | WizLab   | Found a transporter.
 61670 | WizLab   | Found a corrupted altar of Lugonu.
 61681 | WizLab   | Found a transporter.
 61682 | WizLab   | Found a transporter.
 61726 | WizLab   | Found a transporter.
 61792 | WizLab   | Found a transporter.
 61967 | WizLab   | Found a transporter.
 61994 | WizLab   | Found a transporter.
 61994 | WizLab   | Found a transporter.
 62096 | WizLab   | Found a transporter.
 62096 | WizLab   | Found a transporter.
 62109 | WizLab   | Found a transporter.
 62144 | WizLab   | Found a transporter.
 62162 | WizLab   | Identified Golubria's Catalogue of Displacement
 62253 | WizLab   | Found a transporter.
 62253 | WizLab   | Found a transporter.
 62327 | WizLab   | Found a transporter.
 62330 | WizLab   | Found a transporter.
 62357 | WizLab   | Identified Golubria's Tome of the Traveller
 62562 | WizLab   | Identified the +2 cloak "Meabig" {rElec rF+} (You found it
                  | in a wizard's laboratory)
 63743 | Crypt:2  | Received a gift from Okawaru
 64501 | Crypt:3  | Entered Level 3 of the Crypt
 64775 | Crypt:3  | Found an ancient bone altar of Kikubaaqudgha.
 64792 | Crypt:3  | Reached XP level 25. HP: 151/182 MP: 36/36
 64793 | Crypt:3  | Received a gift from Okawaru
 65435 | Crypt:3  | Found the +7 mace of Variability {chain chaos}
 65486 | Crypt:3  | Reached skill level 1 in Spellcasting
 65586 | Crypt:3  | Found a staircase to the Tomb.
 65586 | Crypt:3  | Noticed Khufu
 65593 | Crypt:3  | Killed Khufu
 65595 | Crypt:3  | Found the +8 demon blade "Leech" {vamp, rN+ AC-3 EV-3}
 65775 | Crypt:3  | Received a gift from Okawaru
 66257 | Depths:1 | Entered Level 1 of the Depths
 66792 | Depths:1 | Reached skill level 20 in Armour
 66979 | Depths:1 | Found a gateway to Hell.
 67116 | Depths:1 | Noticed Sojobo
 67117 | Depths:1 | Found a gateway to a ziggurat.
 67149 | Depths:1 | Killed Sojobo
 67464 | Depths:1 | Found Tapteppi's Book Emporium.
 67465 | Depths:1 | Found Sazizy's Food Emporium.
 67465 | Depths:1 | Found Umpuenk's Weapon Emporium.
 67467 | Depths:1 | Found Kasiluas's Weapon Emporium.
 67520 | Depths:1 | Found Xiokay's Elemental Accessories.
 67530 | Depths:1 | Bought Foqea's Guide on the Snowflakes for 450 gold pieces
 67584 | Depths:1 | You fall into a shaft and drop 1 floor!
 67624 | Depths:2 | Noticed a caustic shrike
 67627 | Depths:2 | Noticed a caustic shrike
 67636 | Depths:2 | Killed a caustic shrike
 67660 | Depths:2 | Killed a caustic shrike
 67660 | Depths:2 | Reached XP level 26. HP: 89/194 MP: 32/36
 68613 | Depths:2 | Reached skill level 21 in Armour
 68807 | Depths:2 | Received a gift from Okawaru
 69521 | Depths:2 | Noticed a juggernaut
 69528 | Depths:2 | Killed a juggernaut
 69528 | Depths:2 | Reached skill level 15 in Fighting
 69787 | Depths:2 | Learned a level 8 spell: Necromutation
 69793 | Depths:2 | Identified the cursed +0 plate armour "Hero's Friend"
                  | {Int+4} (You found it on level 2 of the Depths)
 69998 | Depths:2 | Reached skill level 1 in Transmutations
 70056 | Depths:3 | Received a gift from Okawaru
 70056 | Depths:3 | Reached skill level 1 in Necromancy
 70501 | Depths:2 | Identified the -1 cloak of the Dolphin {Str-5 Int+9} (You
                  | acquired it on level 2 of the Depths)
 70943 | Depths:3 | Reached XP level 27. HP: 204/207 MP: 36/36
 71154 | Depths:3 | Found a one-way gate leading to the halls of Pandemonium.
 71407 | Depths:3 | Reached skill level 5 in Spellcasting
 71624 | Depths:3 | Reached skill level 5 in Transmutations
 71872 | Depths:3 | Noticed a juggernaut
 71876 | Depths:3 | Reached skill level 22 in Armour
 71876 | Depths:3 | Reached skill level 5 in Necromancy
 71886 | Depths:3 | Killed a juggernaut
 71940 | Depths:3 | Received a gift from Okawaru
 72221 | Depths:4 | Found a one-way gate to the infinite horrors of the Abyss.
 72245 | Depths:4 | Noticed Xtahua
 72260 | Depths:4 | Killed Xtahua
 72265 | Depths:4 | Identified the +5 faerie dragon scales {-Tele Regen+ rCorr
                  | Stlth+}
 72265 | Depths:4 | Noticed the Enchantress
 72271 | Depths:4 | Received a gift from Okawaru
 72279 | Depths:4 | Killed the Enchantress
 72799 | Depths:4 | Found a glowing golden altar of the Shining One.
 73085 | Depths:4 | Found a portal to a secret trove of treasure.
 73767 | Depths:4 | Identified the Handbook of Boosting Toxins
 73876 | Depths:5 | Entered Level 5 of the Depths
 74070 | Depths:5 | Received a gift from Okawaru
 74528 | Depths:5 | Found a gate to the Realm of Zot.
 74684 | Depths:5 | Gained mutation: Scrolls take you a little longer to read.
                  | [a neqoxec]
 75307 | Vaults:5 | Entered Level 5 of the Vaults
 75453 | Vaults:5 | Noticed an ancient lich
 75471 | Vaults:4 | Killed an ancient lich
 75471 | Vaults:4 | Received a gift from Okawaru
 75471 | Vaults:4 | Reached skill level 10 in Transmutations
 75992 | Vaults:5 | Reached skill level 23 in Armour
 76031 | Vaults:5 | Reached skill level 10 in Spellcasting
 76257 | Vaults:5 | Identified the +0 pair of boots "Rerear" {+Blink rElec
                  | Regen+ Slay+6} (You acquired it on level 5 of the Vaults)
 76361 | Vaults:5 | Identified the +0 pair of gloves of Monotheism {MR- Int+7}
                  | (You acquired it on level 5 of the Vaults)
 76368 | Vaults:5 | Identified the +1 pair of boots "Zataddeole" {rN+ rCorr
                  | Slay+2} (You acquired it on level 5 of the Vaults)
 76381 | Vaults:5 | Reached skill level 10 in Necromancy
 76514 | Vaults:5 | Received a gift from Okawaru
 76521 | Vaults:5 | Found Dihoraif's Distillery.
 76525 | Vaults:5 | Bought a potion of resistance for 190 gold pieces
 76525 | Vaults:5 | Bought a potion of might for 76 gold pieces
 76525 | Vaults:5 | Bought a potion of might for 76 gold pieces
 76525 | Vaults:5 | Bought a potion of might for 76 gold pieces
 76525 | Vaults:5 | Bought 2 potions of curing for 114 gold pieces
 76525 | Vaults:5 | Bought a potion of mutation for 152 gold pieces
 76525 | Vaults:5 | Bought a potion of heal wounds for 95 gold pieces
 76525 | Vaults:5 | Bought a potion of flight for 57 gold pieces
 76525 | Vaults:5 | Bought a potion of curing for 57 gold pieces
 76525 | Vaults:5 | Bought a potion of brilliance for 76 gold pieces
 76540 | Vaults:5 | Found Okaasid's Magic Scroll Shoppe.
 76544 | Vaults:5 | Bought a scroll of remove curse for 36 gold pieces
 76544 | Vaults:5 | Bought a scroll of brand weapon for 240 gold pieces
 76544 | Vaults:5 | Bought a scroll of enchant armour for 90 gold pieces
 76544 | Vaults:5 | Bought a scroll of fear for 42 gold pieces
 76544 | Vaults:5 | Bought a scroll of holy word for 90 gold pieces
 76544 | Vaults:5 | Bought a scroll of identify for 24 gold pieces
 76544 | Vaults:5 | Bought 2 scrolls of summoning for 228 gold pieces
 76551 | Vaults:5 | Found Ymigaih's Magic Scroll Emporium.
 76707 | Vaults:5 | Bought a scroll of identify for 30 gold pieces
 76707 | Vaults:5 | Bought a scroll of fog for 30 gold pieces
 76763 | Vaults:5 | Found Ezoudekhio's Distillery.
 76764 | Vaults:5 | Found Jiboce's Magic Scroll Boutique.
 76768 | Vaults:5 | Bought a scroll of fog for 24 gold pieces
 76768 | Vaults:5 | Bought a scroll of magic mapping for 42 gold pieces
 76768 | Vaults:5 | Bought a scroll of identify for 24 gold pieces
 76768 | Vaults:5 | Bought a scroll of identify for 24 gold pieces
 76768 | Vaults:5 | Bought a scroll of identify for 24 gold pieces
 76768 | Vaults:5 | Bought a scroll of enchant armour for 90 gold pieces
 76768 | Vaults:5 | Bought a scroll of enchant weapon for 90 gold pieces
 76768 | Vaults:5 | Bought a scroll of magic mapping for 42 gold pieces
 76768 | Vaults:5 | Bought 3 scrolls of teleportation for 108 gold pieces
 76768 | Vaults:5 | Bought a scroll of teleportation for 36 gold pieces
 76768 | Vaults:5 | Bought 3 scrolls of identify for 72 gold pieces
 76768 | Vaults:5 | Bought a scroll of teleportation for 36 gold pieces
 76768 | Vaults:5 | Bought a scroll of summoning for 114 gold pieces
 76775 | Vaults:5 | Bought a potion of flight for 57 gold pieces
 76775 | Vaults:5 | Bought a potion of agility for 76 gold pieces
 76775 | Vaults:5 | Bought 2 potions of ambrosia for 304 gold pieces
 76775 | Vaults:5 | Bought 2 potions of ambrosia for 304 gold pieces
 76775 | Vaults:5 | Bought a potion of resistance for 190 gold pieces
 76775 | Vaults:5 | Bought a potion of heal wounds for 95 gold pieces
 76782 | Vaults:5 | Found Kiuv's Distillery.
 76786 | Vaults:5 | Bought a potion of flight for 57 gold pieces
 76786 | Vaults:5 | Bought a potion of heal wounds for 95 gold pieces
 76786 | Vaults:5 | Bought a potion of heal wounds for 95 gold pieces
 76786 | Vaults:5 | Bought a potion of might for 76 gold pieces
 76786 | Vaults:5 | Bought a potion of brilliance for 76 gold pieces
 76786 | Vaults:5 | Bought a potion of curing for 57 gold pieces
 76846 | Vaults:5 | Found Memnot's Magic Scroll Shoppe.
 76846 | Vaults:5 | Found Amnomeic's Food Shop.
 76850 | Vaults:5 | Bought a scroll of fear for 42 gold pieces
 76850 | Vaults:5 | Bought a scroll of enchant weapon for 90 gold pieces
 76850 | Vaults:5 | Bought a scroll of enchant armour for 90 gold pieces
 77245 | Vaults:5 | Received a gift from Okawaru
 77404 | Vaults:5 | Identified the Incunabulum of Clay and Envenoming
 77418 | Vaults:5 | Got a bound graven amulet
 77422 | Vaults:5 | Identified the amulet "Hedo" {Inacc Int+2} (You found it on
                  | level 5 of the Vaults)
 77435 | Vaults:5 | Identified Hoang's Incunabulum of Toxins
 77458 | Vaults:5 | Got a silver rune of Zot
 78158 | Zot:1    | Entered Level 1 of the Realm of Zot
 78881 | Zot:2    | Reached skill level 24 in Armour
 80377 | Zot:3    | You fall into a shaft and drop 1 floor!
 80861 | Zot:4    | Received a gift from Okawaru
 81374 | Zot:4    | Received a gift from Okawaru
 81436 | Zot:4    | Reached skill level 15 in Transmutations
 81686 | Hell     | Entered the Vestibule of Hell
 81689 | Hell     | Noticed Geryon
 81716 | Hell     | Killed Geryon
 81854 | Hell     | Reached skill level 25 in Armour
 82216 | D:6      | Fell from the grace of Okawaru
 82216 | D:6      | Became a worshipper of Makhleb the Destroyer
 82597 | Hell     | Reached * piety under Makhleb
 82703 | Hell     | Reached ** piety under Makhleb
 82783 | Hell     | Found a gateway to the decaying netherworld of Tartarus.
 82846 | Hell     | Found a gateway to the ashen valley of Gehenna.
 83099 | Hell     | Found a gateway to the Iron City of Dis.
 83145 | Hell     | Found a gateway to the freezing wastes of Cocytus.
 83224 | Tar:1    | Entered Level 1 of Tartarus
 83472 | Tar:2    | Reached *** piety under Makhleb
 83595 | Tar:2    | Reached skill level 15 in Necromancy
 84014 | Tar:2    | Reached **** piety under Makhleb
 85279 | Tar:2    | Reached ***** piety under Makhleb
 86556 | Tar:3    | Was forgiven by Okawaru
 86836 | Tar:3    | Reached skill level 26 in Armour
 87431 | Tar:3    | Reached ****** piety under Makhleb
 88547 | Tar:4    | Reached skill level 15 in Invocations
 89787 | Tar:1    | Cast into level 5 of the Abyss (the eldritch tentacle)
 89787 | Abyss:5  | Entered Level 5 of the Abyss
 89787 | Abyss:5  | Entered Level 5 of the Abyss
 89787 | Abyss:5  | Found a corrupted altar of Lugonu.
 89903 | Abyss:5  | Gained mutation: You are clumsy. (Dex -2) [a neqoxec]
 89928 | Tar:1    | Escaped the Abyss
 91691 | Tar:6    | Reached skill level 27 in Armour
 93141 | Tar:7    | Entered Level 7 of Tartarus
 93388 | Tar:7    | Got a warped lapis lazuli ring
 93391 | Tar:7    | Identified the ring "Apsyd" {*Drain rC+ MP+9 Dex+4} (You
                  | found it on level 7 of Tartarus)
 93400 | Tar:7    | Identified the Volume of Dislocation and Ice
 94165 | Tar:7    | Noticed Ereshkigal
 94184 | Tar:7    | Killed Ereshkigal
 94199 | Tar:7    | Got a bone rune of Zot
 94436 | Dis:1    | Entered Level 1 of the Iron City of Dis
 99315 | Dis:7    | Entered Level 7 of the Iron City of Dis
100856 | Dis:7    | Identified the +4 staff of Dispater
100856 | Dis:7    | Noticed Dispater
100881 | Dis:7    | Killed Dispater
100937 | Dis:7    | Got an iron rune of Zot
100964 | Dis:7    | Got a translucent lead amulet
100967 | Dis:7    | Identified the amulet of Qazlal's Envy {Reflect rPois SH+3}
                  | (You found it on level 7 of the Iron City of Dis)
101578 | Slime:1  | Entered Level 1 of the Pits of Slime
101849 | Slime:5  | Entered Level 5 of the Pits of Slime
101904 | Slime:5  | Noticed the Royal Jelly
101931 | Slime:5  | HP: 4/208 [the Royal Jelly (8)]
101931 | Slime:5  | HP: 1/208 [acid (3)]
101932 | Slime:5  | Splashed by the Royal Jelly's acid

Levels and vault maps discovered:
D:1:      tarquinn_simple_flora_water_a, layout_rooms
D:2:      layout_basic, chequers_temple_overflow_statue_of_worship,
          minmay_pentomino_q4, uniq_natasha
D:3:      layout_rooms, okawaru_metal_pillars_1_2
D:4:      layout_loops_ring, lemuel_doored_altar,
          nicolae_ossuary_entry_monument, serial_undead, serial_undead_d,
          serial_undead_c, serial_undead_a, serial_undead_e, grunt_gozag_statues
D:5:      layout_rooms, kennysheep_vampire_church, first_ration
D:6:      layout_rooms, makhleb_blood_cavern_becter, kennysheep_little_box,
          hangedman_decor_clover_reticule, fedhas_altar_decomposition
D:7:      lemuel_slime, layout_basic, minmay_temple_entry_statues_fountains,
          uniq_pikel, uniq_menkaure
D:8:      layout_cave_pods
D:9:      layout_roguey, erik_lair_dragon, erik_orc_4
D:10:     layout_loops_ring
D:11:     layout_loops_cross, serial_shops, kennysheep_mini
D:12:     layout_roguey, grunt_pizzeria, serial_park_tiny_pond, chequers_jeans,
          minmay_joined_circles, uniq_frances
D:13:     layout_irregular_city, lightli_vaults_fourway_checkpoint,
          chequers_serial_rivers_small_a, trog_wizard
D:14:     layout_small_grid, serial_park_square3 [serial_park_minivault_5x5_7],
          uniq_louise
D:15:     gammafunk_depths_entry_grave, layout_loops_cross, serial_shops,
          shop_fountains
Temple:   jpeg_temple_clearing
Lair:1:   layout_regular_city
Lair:2:   layout_chaotic_city, gauntlet_entry_generic
Lair:3:   layout_roguey, minmay_swamp_entry_worms, spider_nest_entry_rubble,
          uniq_urug
Lair:4:   layout_hall_layers
Lair:5:   layout_gridlike, uniq_nessos, uniq_sonja
Lair:6:   minmay_lair_end_enchanted_forest, layout_regular_city,
          nicolae_slime_entry_slimehenge, serial_bayou_shore_b, uniq_snorg
Swamp:1:  layout_basic_swamp, nicolae_swamp_treefoil, uniq_nikola
Swamp:2:  layout_falls_marsh, hangedman_swamp_diagram,
          infiniplex_staircase_pool, uniq_kirke
Swamp:3:  gammafunk_its_a_trap, layout_basic_swamp,
          nicolae_swamp_very_dense_foliage, uniq_bai_suzhen
Swamp:4:  swamp_old_school, layout_basic_swamp, swamp_pool3
Spider:1: layout_spider_delve, ebering_ghost_xom
Spider:2: nicolae_orb_stairs_large, special_room [special_room_bee]
Spider:3: layout_spider_delve, uniq_mara
Spider:4: grunt_spider_rune_parallel, minmay_another_anthill
Slime:1:  layout_caves
Slime:2:  layout_caves
Slime:3:  layout_caves
Slime:4:  layout_caves
Slime:5
Orc:1:    layout_caves, serial_shops, trog_hazing_becter, uniq_maurice
Orc:2:    st_orc_congregation, layout_diamond_mine,
          nicolae_volcano_entry_batcave, basic_altar
Elf:1:    layout_geoelf_octagon, minmay_elf_sorcery
Elf:2:    layout_geoelf_octagon, serial_shops, shop, minmay_misc_feat_pillars
Elf:3:    minmay_elf_hall_dome, layout_geoelf_grid, minivault_16, uniq_roxanne
Vaults:1: ontoclasm_vaults_loading_screen, v_pattern_1, v_alt_pattern_2,
          ontoclasm_vaults_fault, ontoclasm_vaults_spin, vaults_room_hallway,
          vaults_room_grunt_arrival_ludios, ontoclasm_vaults_ring_small,
          nicolae_vaults_display_case, nicolae_vaults_ninety_degrees,
          vaults_room_semicircle, layout_vaults_omnigrid, serial_shops, shop
Vaults:2: hangedman_vaults_maws, ontoclasm_vaults_pinch,
          minmay_crypt_entry_skeletal_spiral, hangedman_vaults_slither,
          v_pattern_5, nicolae_vaults_alarming, v_misc_27,
          hangedman_vaults_trim, st_squares, nicolae_vaults_little_squares_1,
          hangedman_vaults_impose, ontoclasm_vaults_decontamination,
          layout_vaults_omnibox, serial_shops, bzr_entry_gold
Vaults:3: advil_vaults_ghost_lines, v_misc_22, hangedman_vaults_cutoff,
          nicolae_vaults_disjoint_gnomons, vaults_room_octagon, v_misc_24,
          v_rooms_2, hangedman_vaults_corner_blocks,
          hangedman_vaults_corner_blocks, ontoclasm_vaults_loading_screen,
          nicolae_vaults_mini_display_case, sword_in_stone,
          layout_vaults_big_cross, uniq_frederick
Vaults:4: v_misc_28, vaults_standard_mumra_enter_the_diamond,
          grunt_vaults_diagonal, hangedman_vaults_stitches, v_misc_28,
          vaults_room_large_hall, nicolae_vaults_diagonal_hallway_8,
          nicolae_vaults_theta, v_misc_18, ontoclasm_vaults_hangar,
          nicolae_vaults_network_periphery, vaults_dpeg_ring,
          ontoclasm_vaults_ring_square, layout_vaults_maze_snakey, serial_shops,
          nicolae_shop_crystal
Vaults:5: serial_shops
Crypt:1:  layout_gridlike, mu_enter_wizlab_2, evilmike_ambush
          [evilmike_ambush_outer_pillars, evilmike_ambush_inner_basic],
          grunt_megastairs_2
Crypt:2:  layout_misc_corridors, st_stairs_4
Crypt:3:  grunt_crypt_end_deaths_head
Depths:1: layout_cave_pools, enter_ziggurat_d, grunt_hell_entry_dis_old,
          nicolae_elemental_shop, minmay_misc_feat_ornament,
          minmay_shop_grid_forest, kennysheep_generic_room_16, uniq_sojobo
Depths:2: hangedman_pleasuredromes, hell_entry
Depths:3: giant_chief_lemuel, layout_gridville, rand_demon_pan_entry_3,
          hell_entry, infiniplex_staircase_pool_1, serial_bayou_shore_a
Depths:4: gold_lair_mu, layout_cave_pools, trove_entry_hex_spiral, hell_entry,
          abyss_entry, tso_metal_star, uniq_xtahua, uniq_enchantress
Depths:5: evilmike_zot_entry_diamond, layout_long_grid, grunt_pan_entry_sceptre,
          minmay_crystal_room, hell_entry
Hell
Dis:1:    layout_subdivisions
Dis:2:    layout_gridville
Dis:3:    layout_gridville
Dis:4:    layout_jigsaw, grunt_dis_stairs_iron_hall
Dis:5:    layout_chaotic_city
Dis:6:    layout_gridville
Dis:7:    dis_st
Tar:1:    layout_cathedral_of_symmetry
Tar:2:    layout_grid_maze
Tar:3:    layout_cathedral_of_symmetry
Tar:4:    layout_honeycomb
Tar:5:    layout_cathedral_of_symmetry
Tar:6:    layout_honeycomb
Tar:7:    tar_mu [tar_mu_maze]
Zot:1:    layout_basic, hangedman_zot_diagonal_lockstep
Zot:2:    layout_cathedral_of_symmetry, lemuel_flame_loot_1
Zot:3:    layout_misc_corridors, hangedman_hellfire_club
Zot:4:    layout_misc_corridors

Skill      XL: |  1  2  3  4  5  6  7  8  9 10 11 12 13 14 15 16 17 18 19 20 21 22 23 24 25 26 27 |
---------------+----------------------------------------------------------------------------------+-----
Axes           | 3 4 5 6 7 9 11 13 15 16 17 18 19 20 21 23 25 26 | 26.0
Invocations    | 2 3 5 8 10 20 | 20.0
Evocations     | 1 5 7 9 11 12 14 15 16 17 18 | 18.0
Fighting       | 6 8 9 11 13 15 | 15.2
Armour         | 6 8 9 11 13 14 15 16 17 18 19 20 21 27 | 27.0
Shields        | 5 9 11 13 14 15 16 | 16.5
Spellcasting   | 2 4 11 | 11.1
Transmutations | 4 26 | 26.5
Necromancy     | 3 24 | 24.7

Action                   |  1- 3 |  4- 6 |  7- 9 | 10-12 | 13-15 | 16-18 | 19-21 | 22-24 | 25-27 || total
-------------------------+-------+-------+-------+-------+-------+-------+-------+-------+-------++-------
Melee: War axe           |    74 |   194 |   465 |   463 |       |       |       |       |       ||  1196
       Whip              |       |       |       |   337 |    26 |       |       |       |       ||   363
       Broad axe         |       |       |       |   151 |   929 |  1077 |   431 |       |       ||  2588
       Lajatang          |       |       |       |       |    16 |       |       |       |       ||    16
       Scimitar          |       |       |       |       |       |    93 |       |       |       ||    93
       Battleaxe         |       |       |       |       |       |       |   655 |   989 |       ||  1644
       Executioner's axe |       |       |       |       |       |       |       |   343 |  5617 ||  5960
Throw: Javelin           |       |       |       |       |       |     5 |       |       |       ||     5
 Cast: Necromutation     |       |       |       |       |       |       |       |       |    26 ||    26
Invok: Heroism           |       |       |     1 |    12 |    14 |    17 |     8 |     5 |    32 ||    89
       Finesse           |       |       |       |     2 |     5 |    11 |     2 |     3 |     7 ||    30
 Abil: End Transformatio |       |       |       |       |       |       |       |       |     2 ||     2
Evoke: Wand              |       |       |       |       |    15 |     6 |    14 |     1 |     6 ||    42
       Lamp of fire      |       |       |       |       |     1 |     2 |       |       |       ||     3
       Phial of floods   |       |       |       |       |       |     1 |       |       |       ||     1
       Phantom mirror    |       |       |       |       |       |     1 |       |       |       ||     1
  Use: Potion            |     1 |       |     2 |     1 |     3 |     4 |       |     2 |    20 ||    33
       Scroll            |       |       |    14 |     8 |     7 |    14 |     3 |     7 |    45 ||    98
 Stab: Invisible         |       |       |       |       |     3 |     4 |       |     1 |    15 ||    23
       Held in net/web   |       |       |       |       |       |       |     1 |       |       ||     1
       Confused          |       |       |       |       |       |       |     2 |       |     6 ||     8
       Petrifying        |       |       |       |       |       |       |     2 |       |       ||     2
       Paralysed         |       |       |       |       |       |       |     1 |       |     9 ||    10
       Distracted        |       |       |       |       |       |       |       |       |     2 ||     2
  Eat: Chunk             |       |     5 |     5 |    19 |    32 |    23 |    15 |    23 |    33 ||   155
       Ration            |       |       |     3 |     6 |     3 |     7 |     5 |     4 |    26 ||    54
Armor: Scale mail        |    53 |    85 |    17 |       |   259 |   350 |       |       |       ||   764
       Chain mail        |       |       |   124 |   225 |       |       |       |       |       ||   349
       Plate armour      |       |       |       |    71 |     5 |       |       |       |       ||    76
       Crystal plate arm |       |       |       |       |       |    71 |   399 |   296 |   676 ||  1442
       Gold dragon scale |       |       |       |       |       |       |       |       |  1087 ||  1087
Dodge: Dodged            |    35 |    74 |    95 |   202 |   248 |   291 |   157 |   129 |   604 ||  1835
       Deflected         |       |       |       |       |    15 |       |       |       |       ||    15
Block: Shield            |    51 |   104 |   180 |   364 |   726 |  1147 |  1021 |  1014 |   181 ||  4788
       Reflection        |       |       |       |       |    39 |    50 |    65 |    98 |   191 ||   443
       Large shield      |       |       |       |       |       |       |       |       |  5048 ||  5048
       Rpst.: Scimitar   |       |       |       |       |       |     3 |       |       |       ||     3

Table legend:
 A = Non-vault XP
 B = Vault XP
 C = Vault XP percentage of total XP
 D = Non-vault monster count
 E = Vault monster count
 F = Vault count percentage of total count
                 A         B        C        D         E       F
            +---------+---------+-------+---------+---------+-------
      Total | 1853752 | 1011913 |  35.3 |    3066 |    1373 |  30.9
            +---------+---------+-------+---------+---------+-------
        D:1 |      38 |       0 |   0.0 |      21 |       0 |   0.0
        D:2 |     204 |      40 |  16.4 |      24 |       4 |  14.3
        D:3 |      26 |       0 |   0.0 |      12 |       0 |   0.0
        D:4 |     749 |      64 |   7.9 |      27 |       9 |  25.0
        D:5 |     931 |     124 |  11.8 |      17 |       8 |  32.0
        D:6 |     735 |     717 |  49.4 |      23 |       9 |  28.1
        D:7 |     624 |    1287 |  67.3 |      15 |      19 |  55.9
        D:8 |    3022 |       0 |   0.0 |      30 |       0 |   0.0
        D:9 |    3328 |    1713 |  34.0 |      33 |      24 |  42.1
       D:10 |    2677 |       0 |   0.0 |      25 |       0 |   0.0
       D:11 |    5435 |       0 |   0.0 |      27 |       0 |   0.0
       D:12 |    7871 |    6297 |  44.4 |      31 |      15 |  32.6
       D:13 |    5557 |    6144 |  52.5 |      28 |      12 |  30.0
       D:14 |    7982 |    2248 |  22.0 |      22 |       5 |  18.5
       D:15 |   12736 |    6049 |  32.2 |      31 |       8 |  20.5
     Temple |       0 |      40 | 100.0 |       0 |       1 | 100.0
     Lair:1 |    1552 |       0 |   0.0 |      11 |       0 |   0.0
     Lair:2 |    2418 |       0 |   0.0 |      13 |       0 |   0.0
     Lair:3 |    8678 |    1914 |  18.1 |      31 |       6 |  16.2
     Lair:4 |    3870 |       0 |   0.0 |      21 |       0 |   0.0
     Lair:5 |    5309 |    2111 |  28.5 |      21 |       2 |   8.7
     Lair:6 |    3405 |    9421 |  73.5 |      18 |      50 |  73.5
    Swamp:1 |   25664 |    2658 |   9.4 |      62 |       1 |   1.6
    Swamp:2 |   12920 |    1968 |  13.2 |      28 |       1 |   3.4
    Swamp:3 |   17092 |    5129 |  23.1 |      35 |       1 |   2.8
    Swamp:4 |   16002 |   15236 |  48.8 |      41 |      22 |  34.9
   Spider:1 |    6392 |    3040 |  32.2 |      17 |       2 |  10.5
   Spider:2 |   14035 |    5968 |  29.8 |      42 |      32 |  43.2
   Spider:3 |   11880 |   10737 |  47.5 |      31 |       7 |  18.4
   Spider:4 |    8432 |   26815 |  76.1 |      22 |      78 |  78.0
    Slime:1 |   12232 |       0 |   0.0 |      25 |       0 |   0.0
    Slime:2 |    5537 |       0 |   0.0 |      11 |       0 |   0.0
    Slime:3 |   13241 |       0 |   0.0 |      28 |       0 |   0.0
    Slime:4 |    5762 |       0 |   0.0 |       6 |       0 |   0.0
    Slime:5 |   10672 |    5381 |  33.5 |      18 |       5 |  21.7
      Orc:1 |    7458 |    2293 |  23.5 |      30 |      17 |  36.2
      Orc:2 |    2596 |   10167 |  79.7 |      26 |      65 |  71.4
      Elf:1 |   24773 |    7794 |  23.9 |      40 |      12 |  23.1
      Elf:2 |   18873 |   22169 |  54.0 |      28 |      29 |  50.9
      Elf:3 |   23765 |   42280 |  64.0 |      36 |      29 |  44.6
   Vaults:1 |   12671 |   13371 |  51.3 |      27 |      21 |  43.8
   Vaults:2 |   25289 |   31056 |  55.1 |      41 |      47 |  53.4
   Vaults:3 |   43446 |   33420 |  43.5 |      72 |      36 |  33.3
   Vaults:4 |   46477 |   49442 |  51.5 |      83 |      49 |  37.1
   Vaults:5 |   39758 |   95354 |  70.6 |      45 |      64 |  58.7
    Crypt:1 |   24163 |   26273 |  52.1 |      40 |      21 |  34.4
    Crypt:2 |   25991 |    2381 |   8.4 |      43 |       2 |   4.4
    Crypt:3 |       0 |   80697 | 100.0 |       0 |     119 | 100.0
   Depths:1 |   38497 |   11505 |  23.0 |      45 |       7 |  13.5
   Depths:2 |    3164 |   99151 |  96.9 |       4 |      89 |  95.7
   Depths:3 |   40760 |   48388 |  54.3 |      56 |      47 |  45.6
   Depths:4 |   55067 |   36407 |  39.8 |      71 |      29 |  29.0
   Depths:5 |   22932 |   20040 |  46.6 |      21 |      24 |  53.3
       Hell |   29792 |   38128 |  56.1 |      41 |      67 |  62.0
      Dis:1 |   46991 |       0 |   0.0 |      93 |       0 |   0.0
      Dis:2 |   28434 |       0 |   0.0 |      62 |       0 |   0.0
      Dis:3 |   25103 |       0 |   0.0 |      67 |       0 |   0.0
      Dis:4 |   81446 |   20494 |  20.1 |     123 |      46 |  27.2
      Dis:5 |   40955 |       0 |   0.0 |      53 |       0 |   0.0
      Dis:6 |   69416 |       0 |   0.0 |      95 |       0 |   0.0
      Dis:7 |   70425 |   92907 |  56.9 |     115 |      66 |  36.5
      Tar:1 |   51195 |       0 |   0.0 |      95 |       0 |   0.0
      Tar:2 |  148249 |       0 |   0.0 |     182 |       0 |   0.0
      Tar:3 |   82371 |       0 |   0.0 |     121 |       0 |   0.0
      Tar:4 |   48990 |       0 |   0.0 |      54 |       0 |   0.0
      Tar:5 |   84851 |       0 |   0.0 |     110 |       0 |   0.0
      Tar:6 |  113879 |       0 |   0.0 |     134 |       0 |   0.0
      Tar:7 |   66099 |   76791 |  53.7 |      59 |      51 |  46.4
      Zot:1 |   40663 |       0 |   0.0 |      31 |       0 |   0.0
      Zot:2 |   13351 |       0 |   0.0 |       7 |       0 |   0.0
      Zot:3 |   54288 |    4561 |   7.8 |      33 |       7 |  17.5
      Zot:4 |   60334 |       0 |   0.0 |      28 |       0 |   0.0
    Abyss:5 |    4232 |    3108 |  42.3 |       8 |      19 |  70.4
    Ossuary |       0 |     233 | 100.0 |       0 |      31 | 100.0
    Volcano |       0 |    3427 | 100.0 |       0 |      11 | 100.0
     WizLab |       0 |   19132 | 100.0 |       0 |      34 | 100.0
   Gauntlet |       0 |    5843 | 100.0 |       0 |      13 | 100.0
            +---------+---------+-------+---------+---------+-------
